 Dungeon Crawl Stone Soup version 0.19.1 (webtiles) character file.

177 endtime the Slasher (level 5, -2/34 HPs)
             Began as a High Elf Fighter on Dec 2, 2016.
             Was an Initiate of Okawaru.
             Killed from afar by an orc wizard (3 damage)
             ... with a magic dart
             ... on level 3 of the Dungeon.
             The game lasted 00:05:44 (2533 turns).

endtime the Slasher (High Elf Fighter)              Turns: 2533, Time: 00:05:44

Health: -2/34      AC:  6    Str: 18    XL:     5   Next: 30%
Magic:  6/6        EV:  7    Int: 12    God:    Okawaru [......]
Gold:   174        SH: 13    Dex: 14    Spells: 0 memorised, 4 levels left

rFire  . . .     SeeInvis .     a - +0 long sword
rCold  . . .     Gourm    .     b - +0 scale mail
rNeg   . . .     Faith    .     c - +0 shield
rPois  .         Spirit   .     (no helmet)
rElec  .         Reflect  .     (no cloak)
rCorr  .         Harm     .     (no gloves)
MR     .....                    (no boots)
Stlth  ..........               (no amulet)
                                (no ring)
                                (no ring)

@: slowed, very slow
A: large bone plates 1, frail 1, strong 1, subdued magic 1, MP-powered wands
a: Renounce Religion


You were on level 3 of the Dungeon.
You worshipped Okawaru.
Okawaru was noncommittal.
You were not hungry.

You visited 1 branch of the dungeon, and saw 3 of its levels.

You collected 174 gold pieces.

Inventory:

Hand Weapons
 a - a +0 long sword (weapon)
Armour
 b - a +0 scale mail (worn)
 c - a +0 shield (worn)
Potions
 d - a potion of might
 e - 3 potions of curing
 g - a potion of invisibility {unknown}
 k - a potion of lignification {unknown}
 l - a potion of cure mutation {unknown}
 o - a potion of haste {unknown}
 p - a potion of heal wounds {unknown}
Comestibles
 f - 4 bread rations
 h - 4 beef jerkies
 m - a meat ration


   Skills:
 + Level 4.6 Fighting
 * Level 5.2 Long Blades
 - Level 2.6 Armour
 - Level 2.6 Shields


You had 4 spell levels left.
You didn't know any spells.

Dungeon Overview and Level Annotations

Branches:
Dungeon (3/15)

Altars:
Okawaru

Annotations:
D:2 Sigmund
D:3 1 runed door


Innate Abilities, Weirdness & Mutations

You are partially covered in large bone plates. (SH +4)
You are frail. (-10% HP)
Your muscles are strong. (Str +2)
Your spells are a little easier to cast, but a little less powerful.
You expend magic power (3 MP) to strengthen your wands.


Message History

You feel yourself slow down. The orc hits you but does no damage.
You block the orc wizard's attack.
You closely miss the orc wizard.
The orc wizard is moderately wounded.
The orc wizard hits you with a dagger. The orc hits you but does no damage.
The orc wizard casts a spell at you. The puff of frost hits you!
* * * LOW HITPOINT WARNING * * *
The orc wizard hits you but does no damage.
The orc hits you but does no damage. You block the orc wizard's attack.
You hit the orc wizard but do no damage.
The orc wizard is moderately wounded.
The orc wizard gestures at you while chanting.
The magic dart hits you!
* * * LOW HITPOINT WARNING * * *
You block the orc's attack.
The orc wizard hits you but does no damage.
The orc wizard casts a spell at you. The magic dart hits you!
You die...

#....#.#.#.# #
#.##.#.#.###$#
#.#........^.#
#.####.#.#####
#......#.#..
########.#.#
#.#.# #.#.####
#.†.o@o##
#.####o.# ###
##.# #.#
#.####.###
#.o.......
#[......##
##o.....#
#.###o.#


You could see 2 orc wizards and an orc.

Vanquished Creatures
  Ijyb (D:2)
  Terence (D:2)
  2 adders
  3 gnolls
  4 worms
  3 dart slugs
  2 leopard geckos
  5 giant cockroaches (D:1)
  13 goblins
  3 hobgoblins
  A quokka (D:3)
  11 bats
  2 frilled lizards (D:1)
  A jackal skeleton (D:3)
  3 kobolds
  4 rats
59 creatures vanquished.

Notes
Turn   | Place    | Note
-------+----------+-------------------------------------------
     0 | D:1      | endtime the High Elf Fighter began the quest for the Orb.
     0 | D:1      | Reached XP level 1. HP: 16/16 MP: 2/2
   307 | D:1      | Reached skill level 3 in Long Blades
   310 | D:1      | Reached XP level 2. HP: 21/21 MP: 3/3
   707 | D:1      | Reached XP level 3. HP: 23/26 MP: 4/4
   856 | D:2      | Noticed Ijyb
   866 | D:2      | Killed Ijyb
   866 | D:2      | Reached skill level 4 in Long Blades
   919 | D:2      | Found a faded altar of an unknown god.
   925 | D:2      | Noticed Terence
   934 | D:2      | Killed Terence
   934 | D:2      | Reached XP level 4. HP: 12/33 MP: 5/5
  1218 | D:2      | Noticed Sigmund
  1851 | D:3      | Found an iron altar of Okawaru.
  1862 | D:3      | Became a worshipper of Warmaster Okawaru
  2152 | D:2      | Gained mutation: You are partially covered in large bone plates. (SH +4) [potion of mutation]
  2152 | D:2      | Gained mutation: You expend magic power (3 MP) to strengthen your wands. [potion of mutation]
  2152 | D:2      | Gained mutation: Your muscles are strong. (Str +2) [potion of mutation]
  2153 | D:2      | Gained mutation: Your spells are a little easier to cast, but a little less powerful. [potion of mutation]
  2153 | D:2      | Gained mutation: You are frail. (-10% HP) [potion of mutation]
  2224 | D:2      | Reached XP level 5. HP: 11/34 MP: 6/6
  2226 | D:2      | Reached skill level 5 in Long Blades
  2512 | D:3      | Found a runed door.
  2512 | D:3      | Noticed a human
  2533 | D:3      | HP: 1/34 [orc wizard/magic dart (8)]
  2533 | D:3      | Killed from afar by an orc wizard

Skill      XL: |  1  2  3  4  5 |
---------------+----------------+-----
Long Blades    | 3 4 5 |  5.2
Fighting       | 4 |  4.6
Armour         | |  2.6
Shields        | |  2.6

Action                   |  1- 3 |  4- 6 || total
-------------------------+-------+-------++-------
Melee: Long sword        |   130 |    96 ||   226
  Use: Scroll            |     1 |     3 ||     4
       Potion            |       |     2 ||     2
  Eat: Meat ration       |       |     1 ||     1
       Beef jerky        |       |     1 ||     1
Armor: Scale mail        |    72 |    34 ||   106
Dodge: Dodged            |    26 |    30 ||    56
Block: Shield            |    76 |    50 ||   126
       Rpst.: Long sword |     7 |    13 ||    20
